 Seeded DCSS version 0.27-a0-562-g0d39f094a4 (webtiles) character file.

Game seed: 16989952797484863983 (custom seed)

900 karrick the Chopper (level 7, -5/61 HPs)
             Began as a Minotaur Fighter on Mar 8, 2021.
             Killed by nerve-wracking pain
             ... invoked by a shadow imp
              (10 damage)
             ... on level 6 of the Dungeon.
             The game lasted 00:06:02 (4351 turns).

karrick the Chopper (Minotaur Fighter)              Turns: 4351, Time: 00:06:03

Health: -5/61      AC: 15    Str: 21    XL:     7   Next: 79%
Magic:  6/6        EV:  1    Int:  6    God:
Gold:   225        SH: 10    Dex: 16    Spells: 6/6 levels left

rFire    + + .     SeeInvis .   q - +5 hand axe
rCold    + . .     Faith    .   c - +0 kite shield
rNeg     . . .     Spirit   .   g - +0 gold dragon scales
rPois    +         Reflect  .   (helmet restricted)
rElec    .         Harm     .   (no cloak)
rCorr    .         Rampage  .   (no gloves)
Will     .....                  (no boots)
Stlth    ..........             (no amulet)
HPRegen  0.20/turn              p - ring of protection from fire
MPRegen  0.10/turn              r - +6 ring of dexterity

@: no status effects
A: horns 2, retaliatory headbutt
a: no special abilities


You were on level 6 of the Dungeon.
You visited 1 branch of the dungeon, and saw 6 of its levels.

You collected 225 gold pieces.

Inventory:

Hand Weapons
 a - a +0 war axe
 q - a +5 hand axe (weapon)
Armour
 b - a +0 scale mail
 c - a +0 kite shield (worn)
 f - a +0 cloak
 g - +0 gold dragon scales (worn)
Jewellery
 p - a ring of protection from fire (left hand)
 r - a +6 ring of dexterity (right hand)
Wands
 v - a wand of mindburst (5)
Scrolls
 e - 2 scrolls of enchant weapon {unknown}
 j - 2 scrolls of immolation {unknown}
 k - a scroll of fog {unknown}
 l - 2 scrolls of identify {unknown}
 n - a scroll of enchant armour {unknown}
 s - 3 scrolls of teleportation {unknown}
 u - a scroll of blinking {unknown}
Potions
 d - 2 potions of might
 i - 2 potions of attraction
 o - a potion of mutation {unknown}
 t - a potion of heal wounds {unknown}
 w - a potion of flight


   Skills:
 + Level 5.0 Fighting
 + Level 7.2 Axes
 * Level 7.0 Armour
 + Level 0.5 Dodging
 + Level 5.3 Shields
 + Level 0.5 Unarmed Combat


You had 6 spell levels left.
You didn't know any spells.
Your spell library contained the following spells:

 Spells                   Type           Power      Damage    Failure   Level
 Animate Skeleton         Necr           0%         N/A       100%        1
 Apportation              Tloc           0%         N/A       100%        1
 Corona                   Hex            0%         N/A       100%        1
 Magic Dart               Conj           0%         1d3       100%        1
 Summon Small Mammal      Summ           0%         N/A       100%        1
 Blink                    Tloc           N/A        N/A       100%        2
 Call Imp                 Summ           0%         N/A       100%        2
 Slow                     Hex            0%         N/A       100%        2
 Conjure Flame            Conj/Fire      0%         6-21      100%        3
 Mephitic Cloud           Conj/Pois/Air  0%         N/A       100%        3


Dungeon Overview and Level Annotations

Branches:
Dungeon (6/15)
 Temple: D:4-7

Altars:
Dithmenos
Nemelex Xobeh
Qazlal

Annotations:
D:5 Sigmund


Innate Abilities, Weirdness & Mutations

You have a pair of horns on your head.
You reflexively headbutt those who attack you in melee.


Message History

Something hits you but does no damage.
Unknown command.
It was a potion of attraction.
You feel attractive to monsters.
You feel less confused. You block the shadow imp's attack.
Okay, then.
Something hits you but does no damage. Something hits you!
* * * LOW HITPOINT WARNING * * *
Something is pulled toward you!
There is a stone staircase leading down here.
You block the shadow imp's attack.
You climb downwards.
Reactivating autopickup.
Found a stormy altar of Qazlal.
Found an escape hatch in the floor.
Found a stone staircase leading up.
There is a stone staircase leading up here.
Unknown command.
It was a potion of flight.
You feel very buoyant.
You fly up into the air.
You block the shadow imp's attack.
You hear some strange, mumbled words.
A magic dart appears from out of thin air!
Deactivating autopickup; reactivate with Ctrl-A.
The magic dart hits you but does no damage.
It was a potion of cancellation.
Your magical effects are unravelling.
You feel magically purged.
You float gracefully downwards.
The shadow imp hits you.
* * * LOW HITPOINT WARNING * * *
Something hits you but does no damage.
You feel less attractive to monsters.
It was a potion of curing.
You feel better. The shadow imp gestures at you. Pain shoots through your body!
* * * LOW HITPOINT WARNING * * *
Something hits you but does no damage. You block the shadow imp's attack.
The shadow imp gestures at you. Pain shoots through your body!
You die...

###########
.......<5@###
####..{.....#
#.≈≈≈≈≈≈.#
#.≈≈≈≈≈≈.#
#.≈≈>_≈≈.#
...≈≈..≈≈.#
###.≈≈≈≈≈≈.#
#.≈≈≈≈≈≈.#
#........#


You could see a shadow imp.

Vanquished Creatures
  Eustachio (D:4)
  A sky beast (D:5)
  2 ogres (D:5)
  A scorpion (D:5)
  A hound (D:4)
  An orc priest (D:5)
  Jessica (D:2)
  2 orc wizards (D:5)
  Natasha (thrice) (D:2)
  2 worker ants
  Robin (D:2)
  8 adders
  A shadow imp (D:5)
  An ufetubus (D:3)
  An ooze (D:3)
  2 worms (D:3)
  An adder skeleton (D:4)
  3 dart slugs
  2 leopard geckos (D:1)
  9 orcs
  2 giant cockroaches
  14 goblins
  7 hobgoblins
  7 jackals
  A quokka (D:2)
  A ball python skeleton (D:4)
  4 bats
  2 frilled lizards (D:1)
  A jackal skeleton (D:4)
  4 kobolds
  6 rats
93 creatures vanquished.

Notes
Turn   | Place    | Note
-------+----------+-------------------------------------------
     0 | D:1      | karrick the Minotaur Fighter began the quest for the Orb.
     0 | D:1      | Reached XP level 1. HP: 19/19 MP: 0/0
   296 | D:1      | Reached XP level 2. HP: 20/27 MP: 1/1
   955 | D:1      | Found a sparkling altar of Nemelex Xobeh.
  1148 | D:2      | Noticed Jessica
  1148 | D:2      | Noticed Robin
  1160 | D:1      | Reached XP level 3. HP: 30/33 MP: 2/2
  1405 | D:2      | Killed Robin
  1411 | D:2      | Killed Jessica
  1412 | D:2      | Reached XP level 4. HP: 14/40 MP: 3/3
  1862 | D:2      | Found a faded altar of an unknown god.
  2026 | D:2      | Reached skill level 5 in Armour
  2106 | D:2      | Noticed Natasha
  2112 | D:2      | Killed Natasha
  2113 | D:2      | Reached XP level 5. HP: 40/46 MP: 4/4
  2167 | D:2      | Noticed Natasha
  2176 | D:2      | Killed Natasha
  2284 | D:2      | Noticed Natasha
  2314 | D:2      | Killed Natasha
  3485 | D:4      | Reached XP level 6. HP: 50/52 MP: 5/5
  3557 | D:4      | Noticed Eustachio
  3564 | D:4      | Reached skill level 5 in Axes
  3571 | D:4      | Killed Eustachio
  3846 | D:5      | Entered Level 5 of the Dungeon
  3846 | D:5      | Noticed a sky beast
  3852 | D:5      | Killed a sky beast
  3853 | D:5      | Reached XP level 7. HP: 60/60 MP: 6/6
  3874 | D:5      | Reached skill level 5 in Shields
  3874 | D:5      | Found a shadowy altar of Dithmenos.
  4177 | D:5      | Reached skill level 5 in Fighting
  4242 | D:5      | Noticed Sigmund
  4344 | D:5      | HP: 3/61 [something (8)]
  4346 | D:6      | Found a stormy altar of Qazlal.
  4348 | D:6      | HP: 1/61 [shadow imp (3)]
  4351 | D:6      | Killed from afar by a shadow imp

Illustrated notes

Levels and vault maps discovered:
D:1:      nzn_arrival_depleted_hourglass, layout_basic, serial_forest,
          infiniplex_forest_straight_2, infiniplex_forest_lined_room_2,
          infiniplex_forest_clump_medium, infiniplex_forest_end_2,
          infiniplex_forest_diagonal, infiniplex_forest_end_double,
          infiniplex_forest_join, infiniplex_forest_corner_2, roderic_lattice_a,
          nemelex_diamond_rough_becter
D:2:      layout_basic, chequers_ecumenical_altar_simple_redux, minivault_19,
          uniq_natasha, uniq_jessica, uniq_robin
D:3:      layout_loops_ring
D:4:      layout_rooms, uniq_eustachio
D:5:      lemuel_ratsnest, layout_cave_pools, nicolae_dithmenos_shadow_blocks,
          zin_statuary, lemuel_altar_in_water, uniq_sigmund
D:6:      layout_loops_ring, lemuel_round_altar, general_overflow_altar,
          nicolae_wu_jian_immortal_techniques, serial_shops, shop, minmay_holes,
          minmay_misc_feat_encased, kennysheep_potato

Skill      XL: |  1  2  3  4  5  6  7 |
---------------+----------------------+-----
Armour         | 4 5 6 7 |  7.0
Shields        | 4 5 |  5.3
Axes           | 3 4 6 7 |  7.2
Fighting       | 4 5 |  5.0
Dodging        | |  0.5
Unarmed Combat | |  0.5

Action                   |  1- 3 |  4- 6 |  7- 9 || total
-------------------------+-------+-------+-------++-------
Melee: War axe           |    95 |    73 |       ||   168
       Headbutt          |     9 |    21 |     8 ||    38
       Hand axe          |       |    49 |    42 ||    91
       Unarmed           |       |    13 |       ||    13
  Use: Potion            |       |       |     4 ||     4
Armor: Scale mail        |    49 |     3 |       ||    52
       Gold dragon scale |       |    80 |    55 ||   135
Dodge: Dodged            |    35 |     5 |     2 ||    42
Block: Kite shield       |    68 |    58 |    24 ||   150

Table legend: (Time is in decaauts)
 A = Elapsed time spent in this place.
 B = Non-inter-level travel time spent in this place.
 C = Inter-level travel time spent in this place.
 D = Time resting spent in this place.
 E = Time spent auto-exploring this place.
 F = Levels seen in this place.
 G = Mean time per level.
                   A        B        C        D        E       F      G
               +--------+--------+--------+--------+--------+-----+--------+
         Total |   4485 |   4441 |     44 |    262 |   3493 |   6 |  747.5 |
       Dungeon |   4485 |   4441 |     44 |    262 |   3493 |   6 |  747.5 |
               +--------+--------+--------+--------+--------+-----+--------+

Top non-repeatable levels by time:
     D:1: 1432 daAuts
     D:2: 1282 daAuts
     D:3: 779 daAuts
     D:4: 527 daAuts
     D:5: 458 daAuts
     D:6: 4 daAuts
